Map: Dusk Towers

Players

Ryu

  • Race: Terran Terran
  • League: Diamond

LilDicky - Winner!

  • Race: Terran Terran
  • League: Diamond

VOD

http://www.twitch.tv/tumescentpie

Description

Time

  • Played on: Jan. 2, 2016, 11:41 a.m.
  • Length: 5:41
Show
View Real Time Build Order
Export as new Build Order

Ryu Terran 

Build Orders: Reaper Expand 

Get SALT Encoding   

  12  0:01  SCV  
  13  0:13  SCV  
  14  0:17  Supply Depot  
  14  0:25  SCV  
  15  0:41  Barracks  
  15  0:43  Refinery  
  15  0:44  SCV  
  16  0:56  SCV  
  17  1:08  SCV  
  18  1:24  SCV  
  19  1:28  Reaper  
  20  1:36  Orbital Command  
  20  1:42  Command Center  
  20  1:53  Supply Depot  
  20  2:01  Marine  
  20  2:07  SCV  
  22  2:14  Factory  
  22  2:19  SCV, Marine  
  24  2:23  Barracks  
  24  2:32  SCV  
  24  2:41  Marine  
  25  2:45  SCV  
  25  2:49  Refinery  
  26  2:56  Orbital Command  
  26  2:59  Factory Tech Lab, Starport, Marine  
  26  3:03  SCV  
  28  3:15  SCV  
  28  3:19  Marine x2  
  31  3:26  SCV  
  32  3:27  SCV  
  33  3:38  SCV  
  33  3:39  SCV  
  33  3:41  Cyclone  
  38  3:44  Viking  
  38  3:47  Supply Depot  
  40  3:49  Barracks Tech Lab  
  40  3:50  SCV  
  40  3:51  SCV  
  42  3:56  Barracks Reactor  
  42  4:02  SCV  
  43  4:03  SCV  
  44  4:10  Supply Depot  
  44  4:14  SCV  
  44  4:16  SCV, Marine  
  47  4:21  Refinery  
  47  4:26  SCV  
  47  4:28  SCV  
  49  4:33  Supply Depot  
  49  4:34  Marine  
  49  4:35  Marine x2  
  49  4:38  SCV, Siege Tank  
  56  4:40  SCV  
  57  4:46  Engineering Bay  
  57  4:50  SCV  
  57  4:52  Marine  
  57  5:12  Marine  
Show
View Real Time Build Order
Export as new Build Order

LilDicky Terran - Winner!

Build Orders: Liberator Opening 

Get SALT Encoding   

  12  0:04  SCV  
  13  0:16  SCV  
  13  0:20  Supply Depot  
  14  0:28  SCV  
  15  0:35  Refinery  
  15  0:42  SCV  
  16  0:45  Barracks  
  16  0:54  SCV  
  17  1:13  SCV  
  18  1:19  Refinery  
  18  1:25  SCV  
  19  1:32  Supply Depot, Marine  
  20  1:38  Orbital Command  
  20  1:46  Factory  
  20  1:50  Marine  
  21  2:07  SCV, Marine  
  23  2:19  SCV  
  24  2:25  Marine  
  24  2:27  Supply Depot  
  25  2:31  SCV  
  25  2:32  Starport  
  25  2:33  Factory Tech Lab  
  26  2:43  Marine  
  27  2:50  SCV  
  28  2:52  Supply Depot, Siege Tank  
  28  2:53  Liberator  
  31  3:02  SCV  
  31  3:05  Marine  
  36  3:16  Engineering Bay  
  36  3:20  SCV  
  36  3:23  Marine  
  38  3:28  Siege Tank  
  38  3:32  SCV  
  42  3:41  Supply Depot  
  42  3:43  Marine  
  42  3:45  SCV  
  44  3:53  Viking  
  44  3:54  Missile Turret  
  46  4:21  Supply Depot  
  46  4:23  SCV  
  46  4:24  Marine  
  47  4:25  Supply Depot, Siege Tank  
  47  4:26  Viking  
  53  4:39  Supply Depot  
  53  4:48  Missile Turret  
  53  4:50  Missile Turret  
Tags
 
Add a new tag
Caveats
  • Supply blocks, unpowered buildings, or Contaminate may cause inaccurate times.
  • Supply counts are checked every 10 seconds.